 Dungeon Crawl Stone Soup version 0.20.1-1-g8b1a95d (webtiles) character file.

388 geeseburger the Cutter (level 6, -1/48 HPs)
             Began as a Demonspawn Fighter on Nov 8, 2017.
             Slain by an ogre
             ... wielding a cursed -2 giant club
              (15 damage)
             ... on level 4 of the Dungeon.
             The game lasted 00:05:22 (2802 turns).

geeseburger the Cutter (Demonspawn Fighter)         Turns: 2802, Time: 00:05:23

Health: -1/48      AC: 11    Str: 21    XL:     6   Next: 49%
Magic:  6/6        EV:  5    Int:  9    God:
Gold:   98         SH:  9    Dex: 13    Spells: 5/5 levels left

rFire    . . .     SeeInvis .   a - +0 rapier
rCold    . . .     Gourm    .   c - +0 shield
rNeg     . . .     Faith    .   e - +0 chain mail
rPois    .         Spirit   .   (no helmet)
rElec    .         Reflect  .   (no cloak)
rCorr    .         Harm     .   (no gloves)
MR       .....                  (no boots)
Stlth    ..........             (no amulet)
Regen    0.2/turn               h - ring of stealth
MPRegen  0.1/turn               m - +3 ring of strength

@: no status effects
A: talons 2, molten scales 1
a: no special abilities


You were on level 4 of the Dungeon.
You were not hungry.

You visited 1 branch of the dungeon, and saw 4 of its levels.

You collected 98 gold pieces.

Inventory:

Hand Weapons
 a - a +0 rapier (weapon)
Armour
 b - a +0 scale mail
 c - a +0 shield (worn)
 e - a +0 chain mail (worn)
Jewellery
 h - a ring of stealth (left hand)
 m - a +3 ring of strength (right hand)
Scrolls
 i - a scroll of identify
 n - a scroll of teleportation
 r - a scroll of blinking {unknown}
 t - a scroll of remove curse
Potions
 d - a potion of might
 k - 4 potions of heal wounds
 l - 2 potions of brilliance {unknown}
 o - a potion of curing {unknown}
 p - a potion of lignification {unknown}
 q - a potion of berserk rage {unknown}
 s - a potion of flight {unknown}
Comestibles
 f - a bread ration
 g - a royal jelly
 j - 3 meat rations


   Skills:
 + Level 4.1 Fighting
 * Level 4.2 Short Blades
 + Level 3.6 Armour
 + Level 3.9 Shields


You had 5 spell levels left.
You didn't know any spells.

Dungeon Overview and Level Annotations

Branches:
Dungeon (4/15)             Temple (0/1) D:4

Altars:
Kikubaaqudgha
Zin

Annotations:
D:4 keltmir's ghost, amateur DrTm


Innate Abilities, Weirdness & Mutations

You have razor-sharp toenails.
You are partially covered in molten scales. (AC +2)


Message History

You are too injured to fight recklessly!
You are too injured to fight recklessly!
You are too injured to fight recklessly!
You are too injured to fight recklessly!
You are too injured to fight recklessly!
You are too injured to fight recklessly!
You are too injured to fight recklessly!
You are too injured to fight recklessly!
You are too injured to fight recklessly!
You are too injured to fight recklessly!
You are too injured to fight recklessly!
You are too injured to fight recklessly!
You are too injured to fight recklessly!
You are too injured to fight recklessly!
You are too injured to fight recklessly!
You are too injured to fight recklessly!
You hit the ogre but do no damage. Your kick misses the ogre.
The ogre is severely wounded.
The ogre hits you with a giant club!
You die...

.# #.# #.# #.# #.#
#### # #.# #888#.#
#.#######.##8...8.#
#..O@...†...8.>.8.#
#########...8...8.#
#...##8.8##. #.#.#
..# #...##.##.#
#######.....## ..
#................
#.###.#########.
#.# #.#


You could see an ogre.

Vanquished Creatures
  An ogre (D:2)
  The ghost of ThereIsNoGod the Slasher, an amateur HuBe of Trog (D:3)
  A jelly (D:4)
  2 orc wizards (D:4)
  3 gnolls (D:3)
  2 adders
  2 oozes
  2 worms (D:2)
  A dart slug (D:3)
  2 leopard geckos
  7 orcs
  3 giant cockroaches
  8 goblins
  7 hobgoblins
  4 jackals (D:4)
  8 kobolds
  2 quokkas (D:2)
  9 bats
  A leopard gecko skeleton (D:4)
  7 rats
73 creatures vanquished.

Notes
Turn   | Place    | Note
-------+----------+-------------------------------------------
     0 | D:1      | geeseburger the Demonspawn Fighter began the quest for the Orb.
     0 | D:1      | Reached XP level 1. HP: 18/18 MP: 1/1
    62 | D:1      | Gained mutation: You have sharp toenails. [demonic ancestry]
    62 | D:1      | Reached XP level 2. HP: 18/24 MP: 2/2
   835 | D:2      | Reached XP level 3. HP: 16/29 MP: 3/3
  1201 | D:2      | Noticed an ogre
  1209 | D:2      | Killed an ogre
  1209 | D:2      | Gained mutation: You are partially covered in molten scales. (AC +2) [demonic ancestry]
  1209 | D:2      | Reached XP level 4. HP: 10/35 MP: 4/4
  1463 | D:2      | Found an ancient bone altar of Kikubaaqudgha.
  1729 | D:3      | Gained mutation: You have razor-sharp toenails. [demonic ancestry]
  1729 | D:3      | Reached XP level 5. HP: 41/41 MP: 5/5
  1913 | D:3      | Noticed ThereIsNoGod's ghost (amateur HuBe)
  1926 | D:3      | Killed ThereIsNoGod's ghost
  1973 | D:3      | You fall through a shaft!
  1978 | D:4      | Reached XP level 6. HP: 38/48 MP: 6/6
  2075 | D:4      | Found a glowing silver altar of Zin.
  2624 | D:4      | Noticed keltmir's ghost (amateur DrTm)
  2784 | D:4      | Found a staircase to the Ecumenical Temple.
  2802 | D:4      | Slain by an ogre

Skill      XL: |  1  2  3  4  5  6 |
---------------+-------------------+-----
Short Blades   | 2 3 4 |  4.2
Shields        | 3 |  3.9
Armour         | 3 |  3.6
Fighting       | 4 |  4.1

Action                   |  1- 3 |  4- 6 || total
-------------------------+-------+-------++-------
Melee: Rapier            |   103 |   150 ||   253
       Kick              |    15 |    49 ||    64
  Use: Scroll            |    10 |     2 ||    12
       Potion            |     1 |       ||     1
  Eat: Bread ration      |     1 |     1 ||     2
Armor: Scale mail        |    26 |       ||    26
       Chain mail        |    13 |    64 ||    77
Dodge: Dodged            |    22 |    26 ||    48
Block: Shield            |    49 |    53 ||   102
